 Dungeon Crawl Stone Soup version 0.25-a0-425-g0e000e855e (webtiles) character file.

Game seed: 16068970208176415514, levelgen mode: deterministic

2312 Nattfarinn the Fighter (level 9, -6/82 HPs)
             Began as a Ghoul Monk on Jan 24, 2020.
             Was a Priest of Uskayaw.
             Mangled by a two-headed ogre
             ... wielding a +0 giant club
              (19 damage)
             ... on level 6 of the Dungeon.
             The game lasted 00:16:15 (7872 turns).

Nattfarinn the Fighter (Ghoul Monk)                 Turns: 7872, Time: 00:16:16

Health: -6/82      AC:  4    Str: 18    XL:     9   Next: 41%
Magic:  11/11      EV: 14    Int:  9    God:    Uskayaw [***...]
Gold:   337        SH:  0    Dex: 11    Spells: 8/8 levels left

rFire    . . .     SeeInvis .     - Unarmed
rCold    + . .     Gourm    .   (no shield)
rNeg     + + +     Faith    .   a - +0 robe
rPois    ∞         Spirit   .   c - +0 helmet
rElec    .         Reflect  .   r - +0 cloak
rCorr    .         Harm     .   (no gloves)
MR       +....                  (no boots)
Stlth    ++........             (no amulet)
HPRegen  0.00/turn              e - ring of protection from magic
MPRegen  0.12/turn              s - +4 ring of intelligence

@: rotting
A: rotting body, claws 1, carnivore, cold resistance 1, negative energy
resistance 3, inhibited regeneration, torment resistance, unbreathing
a: Stomp, Line Pass, Renounce Religion


You were on level 6 of the Dungeon.
You worshipped Uskayaw.
Uskayaw was noncommittal.
You were not hungry.

You visited 2 branches of the dungeon, and saw 7 of its levels.
You also visited: Sewer and Ossuary.

You collected 337 gold pieces.

Inventory:

Armour
 a - a +0 robe (worn)
 c - a +0 helmet (worn)
 j - a +0 plate armour
 r - a +0 cloak (worn)
Jewellery
 e - a ring of protection from magic (left claw)
 s - a +4 ring of intelligence (right claw)
 v - a +1 ring of evasion
Wands
 y - a wand of iceblast (11)
 z - a wand of polymorph (5)
Scrolls
 d - a scroll of fear {unknown}
 g - 7 scrolls of identify {unknown}
 h - 2 scrolls of remove curse
 k - 2 scrolls of random uselessness {unknown}
 l - 4 scrolls of enchant weapon {unknown}
 m - a scroll of blinking {unknown}
 p - 3 scrolls of teleportation {unknown}
 q - a scroll of immolation {unknown}
 x - a scroll of fog {unknown}
 D - a scroll of enchant armour {unknown}
Potions
 f - 2 potions of heal wounds
 i - 2 potions of might
 n - a potion of brilliance {unknown}
 o - a potion of flight {unknown}
 t - a potion of magic {unknown}
 u - 2 potions of resistance {unknown}
 w - 5 potions of haste
 A - 2 potions of lignification {unknown}
 B - 2 potions of mutation {unknown}
 C - a potion of curing
Comestibles
 b - 11 rations
 E - 4 chunks of flesh


   Skills:
 + Level 8.9 Fighting
 + Level 5.8 Dodging
 - Level 2.1 Stealth
 * Level 7.8 Unarmed Combat
 * Level 4.6 Invocations


You had 8 spell levels left.
You didn't know any spells.
Your spell library was empty.

Dungeon Overview and Level Annotations

Branches:
Dungeon (6/15)             Temple (1/1) D:5           Sewer (visited)
Ossuary (visited)

Altars:
Ashenzari
Cheibriados
Dithmenos
Elyvilon
Fedhas
Gozag
Hepliaklqana
Kikubaaqudgha
Makhleb
Nemelex Xobeh
Okawaru
Qazlal
Ru
Sif Muna
Trog
Uskayaw
Vehumet
Wu Jian
Xom
Yredelemnul
Zin
The Shining One

Shops:
D:5 }

Annotations:
D:3 1 runed translucent door, PeterQ's ghost, weakling VSMo


Innate Abilities, Weirdness & Mutations

Your body is rotting away.
You thrive on raw meat.
You are immune to poison.
You have sharp fingernails.
You are carnivorous and can eat meat at any time.
Your flesh is cold resistant. (rC+)
You are immune to negative energy. (rN+++)
You do not regenerate when monsters are visible.
You are immune to unholy pain and torment.
You can survive without breathing.


Message History

The two-headed ogre closely misses you.
You scratch the two-headed ogre but do no damage.
The two-headed ogre is heavily wounded.
The two-headed ogre misses you. The two-headed ogre barely misses you.
You scratch the two-headed ogre.
The two-headed ogre is severely wounded.
You claw the two-headed ogre!
The two-headed ogre is severely wounded.
The two-headed ogre hits you with a +0 giant club.
* * * LOW HITPOINT WARNING * * *
The two-headed ogre hits you with a +0 dire flail.
* * * LOW HITPOINT WARNING * * *
Uskayaw will force your foes to helplessly watch your dance.
Uskayaw prepares the audience for your solo!
The helpless two-headed ogre fails to defend itself.
You scratch the two-headed ogre but do no damage.
The two-headed ogre is severely wounded.
The two-headed ogre is no longer paralysed.
The two-headed ogre hits you with a +0 giant club!!
You die...

###'#####......
#............ ###
#............ ...
######............
..
#.................
#.....#...........
#.....#.....######
#.....#...O...#
##........@...#
#.....(.##...#
#.......# ...#
#.......# ...#
......# #### .....
....


You could see a two-headed ogre.

Vanquished Creatures
  Grinder (D:6)
  Eustachio (D:6)
  An orc warrior (D:6)
  A centaur (D:5)
  An ogre (D:6)
  An elf zombie (Ossuary)
  4 big kobolds
  Blork the orc (D:4)
  A bullfrog (D:6)
  A scorpion (D:5)
  3 centaur zombies
  A crimson imp (D:5)
  2 human zombies (Ossuary)
  3 hounds
  8 orc wizards
  3 orc priests
  An iguana (D:4)
  A worker ant (D:4)
  A big kobold zombie (Ossuary)
  2 mummies (Ossuary)
  12 gnolls
  12 adders
  A shadow imp (D:5)
  An ooze (D:3)
  An adder zombie (Ossuary)
  3 worms
  2 dart slugs
  8 leopard geckos
  28 orcs
  8 bats
  3 giant cockroaches
  37 goblins
  30 hobgoblins
  17 jackals
  2 quokkas
  3 ball pythons
  5 frilled lizards
  2 goblin zombies (Ossuary)
  12 hobgoblin zombies (Ossuary)
  A jackal skeleton (D:6)
  A jackal zombie (Ossuary)
  18 kobolds
  8 kobold zombies (Ossuary)
  A leopard gecko skeleton (D:4)
  7 orc zombies (Ossuary)
  11 rats
  A plant (Sewer)
273 creatures vanquished.

Notes
Turn   | Place    | Note
-------+----------+-------------------------------------------
     0 | D:1      | Nattfarinn the Ghoul Monk began the quest for the Orb.
     0 | D:1      | Reached XP level 1. HP: 19/19 MP: 0/0
   230 | D:1      | Reached XP level 2. HP: 26/26 MP: 1/1
   777 | D:1      | Reached skill level 4 in Fighting
   777 | D:1      | Reached XP level 3. HP: 31/33 MP: 2/2
  1099 | D:2      | Reached XP level 4. HP: 30/41 MP: 3/3
  1572 | D:2      | Reached skill level 5 in Fighting
  1572 | D:2      | Reached XP level 5. HP: 29/48 MP: 4/4
  1936 | D:3      | Found a runed translucent door.
  2237 | D:3      | Noticed PeterQ's ghost (weakling VSMo)
  2339 | D:3      | Reached XP level 6. HP: 52/56 MP: 5/5
  2501 | D:3      | Reached skill level 6 in Fighting
  3148 | D:2      | Reached skill level 5 in Unarmed Combat
  3148 | D:2      | Reached XP level 7. HP: 9/64 MP: 6/6
  3640 | D:3      | Reached skill level 7 in Fighting
  3997 | D:4      | Noticed Blork the orc
  4006 | D:4      | Killed Blork the orc
  4043 | D:4      | Reached XP level 8. HP: 51/73 MP: 7/7
  4096 | D:4      | Found a glowing drain.
  4101 | Sewer    | Entered a sewer
  5318 | D:4      | Found a glowing silver altar of Zin.
  5368 | D:5      | Entered Level 5 of the Dungeon
  5401 | D:5      | Reached skill level 5 in Dodging
  5424 | D:5      | Reached skill level 8 in Fighting
  5788 | D:5      | Found a staircase to the Ecumenical Temple.
  5810 | Temple   | Entered the Ecumenical Temple
  5847 | Temple   | Became a worshipper of Uskayaw the Reveler
  5847 | Temple   | Reached * piety under Uskayaw
  5876 | D:5      | Reached ** piety under Uskayaw
  6014 | D:5      | Found Tezeck's Gadget Shop.
  6150 | D:5      | Reached *** piety under Uskayaw
  6151 | D:5      | Reached skill level 1 in Invocations
  6158 | D:5      | Reached **** piety under Uskayaw
  6651 | D:6      | Noticed Eustachio
  6677 | D:6      | Killed Eustachio
  6871 | D:6      | Found a sand-covered staircase.
  6875 | D:6      | Reached XP level 9. HP: 22/82 MP: 7/10
  6904 | Ossuary  | Entered an ossuary
  7301 | Ossuary  | Reached ***** piety under Uskayaw
  7685 | D:6      | Noticed Grinder
  7693 | D:6      | Killed Grinder
  7783 | D:6      | Found a shimmering altar of Xom.
  7851 | D:6      | Noticed a two-headed ogre
  7872 | D:6      | Mangled by a two-headed ogre

Levels and vault maps discovered:
D:1:      dpeg_arrival_subterranean_lakeside_camping, layout_basic,
          grunt_decor_cap, minmay_misc_feat_chi
D:2:      layout_loops_ring
D:3:      minmay_goblin_kobold_castle, layout_rooms, ebering_ghost_sewer_d,
          serial_park_tiny_2
D:4:      layout_rooms, lemuel_coloured_pillars_altar, gup_sewer_entry_bowl,
          uniq_blork_the_orc
D:5:      layout_basic, minmay_temple_entry_enclosed_plants, serial_shops,
          nicolae_shop_trees, first_ration
D:6:      layout_basic, nicolae_ossuary_entry_ruins, serial_shops,
          nicolae_shop_statue_plus, hangedman_decor_slide_cut,
          brannock_xom_greatest_gift, uniq_crazy_yiuf_cottage, uniq_grinder,
          uniq_eustachio
Temple:   nicolae_temple_the_god_donut

Skill      XL: |  1  2  3  4  5  6  7  8  9 |
---------------+----------------------------+-----
Fighting       | 4 5 6 7 8 |  8.9
Dodging        | 3 4 5 |  5.8
Unarmed Combat | 4 5 7 |  7.8
Invocations    | 3 4 |  4.6
Stealth        | |  2.1

Action                   |  1- 3 |  4- 6 |  7- 9 || total
-------------------------+-------+-------+-------++-------
Melee: Unarmed           |   126 |   414 |   516 ||  1056
       Punch             |     3 |       |    15 ||    18
Invok: Stomp             |       |       |     3 ||     3
  Use: Potion            |       |     6 |     1 ||     7
       Scroll            |       |     1 |       ||     1
 Stab: Sleeping          |     2 |       |     5 ||     7
       Paralysed         |       |       |    10 ||    10
  Eat: Chunk             |     2 |     6 |    23 ||    31
Armor: Robe              |    13 |     3 |    79 ||    95
       Plate armour      |    41 |   320 |       ||   361
Dodge: Dodged            |    54 |    85 |   271 ||   410
Block: Shield            |       |   156 |       ||   156

Table legend:
 A = Non-vault XP
 B = Vault XP
 C = Vault XP percentage of total XP
 D = Non-vault monster count
 E = Vault monster count
 F = Vault count percentage of total count
                 A         B        C        D         E       F
            +---------+---------+-------+---------+---------+-------
      Total |    1688 |    1615 |  48.9 |     133 |     139 |  51.1
            +---------+---------+-------+---------+---------+-------
        D:1 |      29 |       9 |  23.7 |      18 |       6 |  25.0
        D:2 |     187 |      92 |  33.0 |      34 |       1 |   2.9
        D:3 |     169 |     518 |  75.4 |      24 |      69 |  74.2
        D:4 |     239 |     100 |  29.5 |      17 |       5 |  22.7
        D:5 |     531 |       0 |   0.0 |      20 |       0 |   0.0
        D:6 |     533 |     485 |  47.6 |      20 |       2 |   9.1
      Sewer |       0 |      38 | 100.0 |       0 |      17 | 100.0
    Ossuary |       0 |     373 | 100.0 |       0 |      39 | 100.0
            +---------+---------+-------+---------+---------+-------
